MONTREAL Canadiens vs FLORIDA Panthers (R2)

Created - 27 mars 2024 at 16:16

Goals
1 2 3 T
MONTREAL Canadiens 1 1 1 3
FLORIDA Panthers 3 1 2 6
Shots
1 2 3 T
MONTREAL Canadiens 4 3 7 14
FLORIDA Panthers 17 9 15 41

1st period

1. FLORIDA Panthers , Matthew Tkachuk 23 (Steven Stamkos 33, Ryan McDonagh 27) at 0:28
2. FLORIDA Panthers , Brock Nelson 17 (Vincent Trocheck 28) at 1:36 (PP)
3. FLORIDA Panthers , Brandon Saad 7 (Vincent Trocheck 29, Connor Murphy 18) at 7:07
4. MONTREAL Canadiens , Anthony Mantha 7 (Noah Dobson 45) at 14:56 (SH)

Penalties :
Simon Benoit (MTL) for High sticking (Minor) at 1:11, Zach Parise (MTL) for High sticking (Minor) at 4:20, Jeremy Lauzon (MTL) for Roughing (Double Minor) at 11:26, Nicolas Roy (MTL) for High sticking (Minor) at 15:56

2nd period

5. FLORIDA Panthers , Connor Murphy 7 (Jake Walman 16, Matthew Tkachuk 39) at 6:54
6. MONTREAL Canadiens , William Carrier 4 (Phillip Danault 30, Joe Veleno 9) at 16:52

Penalties :
Noah Dobson (MTL) for Abuse of Officials (Major / Game Misconduct) at 0:27, Eetu Luostarinen (FLO) for Interference (Minor) at 14:44

3rd period

7. FLORIDA Panthers , Vincent Trocheck 11 (Brock Nelson 21) at 1:55
8. MONTREAL Canadiens , Phillip Danault 27 (Zach Parise 21, Anthony Mantha 20) at 4:24
9. FLORIDA Panthers , Adam Henrique 9 (Eetu Luostarinen 16) at 16:49

Penalties :
Carter Verhaeghe (FLO) for Roughing (Minor) at 12:31

Goalie Stats

Jordan Binnington (MTL), 35 saves from 41 shots - (0,854), L, 36-21-2, 60:00 minutes
Darcy Kuemper (FLO), 11 saves from 14 shots - (0,786), W, 29-24-7, 60:00 minutes

Players Stats for MONTREAL Canadiens

Player Name              G  A  P  +/- PIM S  H  SB GA TA FO     MP     PP MP  PK MP  
------------------------------------------------------------------------------------
Alexis Lafrenière        0  0  0  -1  0   1  3  2  0  0  1/3    12:32   0:00   2:32 
Anthony Beauvillier      0  0  0  -3  0   0  1  0  0  0  0/2    22:54   2:28   5:57 
Anthony Mantha           1  1  2   1  0   1  1  0  0  0  2/2    11:57   0:00   0:30 
Arthur Kaliyev           0  0  0   1  0   1  0  0  0  0  0/0     6:45   0:00   0:00 
Cole Caufield            0  0  0  -3  0   0  0  0  0  0  0/1    16:57   2:28   0:00 
David Savard             0  0  0  -3  0   1  2  4  0  0  0/0    26:31   1:30   6:47 
Jeremy Lauzon            0  0  0  -2  4   0  5  1  0  0  0/0    19:27   2:03   4:27 
Joe Veleno               0  1  1   2  0   0  2  0  0  0  5/14   11:46   0:00   5:01 
Marco Scandella          0  0  0   1  0   2  1  4  0  0  0/0    23:00   1:55   6:35 
Michael Amadio           0  0  0  -1  0   0  0  0  0  0  2/3    11:18   1:04   0:00 
Mike Matheson            0  0  0  -3  0   1  5  0  0  0  0/0    23:44   2:19   1:52 
Nicolas Roy              0  0  0  -1  2   3  2  0  0  0  6/11   17:12   1:30   5:43 
Noah Dobson              0  1  1  -1  15  0  0  0  0  0  0/0     7:23   0:00   0:56 
Phillip Danault          1  1  2   1  0   1  0  0  0  0  9/23   19:19   0:09   6:59 
Pierre-Luc Dubois        0  0  0  -3  0   1  5  1  0  0  12/24  17:14   2:45   0:00 
Simon Benoit             0  0  0   3  2   0  7  2  0  0  0/0    18:39   0:09   6:05 
William Carrier          1  0  1   1  0   1  0  0  0  0  0/0     7:00   0:00   0:00 
Zach Parise              0  1  1   0  2   1  1  0  0  0  0/0    12:56   1:30   0:00 

Players Stats for FLORIDA Panthers

Player Name              G  A  P  +/- PIM S  H  SB GA TA FO     MP     PP MP  PK MP  
------------------------------------------------------------------------------------
Adam Henrique            1  0  1   0  0   2  0  0  0  0  8/15   11:24   0:19   1:04 
Brady Skjei              0  0  0   0  0   3  1  1  0  0  0/0    21:24   5:21   1:46 
Brandon Saad             1  0  1   2  0   7  0  0  0  0  0/1    18:11   6:23   0:00 
Brock Nelson             1  1  2   2  0   3  1  0  0  0  1/1    20:40   6:23   2:29 
Carter Verhaeghe         0  0  0   0  2   1  0  0  0  0  0/2    23:42   6:39   0:00 
Connor Murphy            1  1  2   3  0   1  1  1  0  0  0/0    17:59   5:12   2:12 
Derek Grant              0  0  0   0  0   0  0  0  0  0  2/3     3:48   0:00   0:00 
Dougie Hamilton          0  0  0  -1  0   1  1  0  0  0  0/0    21:01   7:32   0:00 
Eetu Luostarinen         0  1  1   1  2   3  3  0  0  0  0/0    10:25   0:00   0:25 
Jake Walman              0  1  1   2  0   0  0  1  0  0  0/0    13:58   0:52   2:12 
Jordan Martinook         0  0  0  -1  0   1  0  0  0  0  1/1     5:36   0:19   1:29 
Josh Morrissey           0  0  0   0  0   2  4  0  0  0  0/0    25:15   7:45   0:00 
Matthew Tkachuk          1  1  2   0  0   8  1  0  0  0  0/1    23:43   6:39   0:00 
Ryan McDonagh            0  1  1   0  0   3  3  0  0  0  0/0    20:23   0:00   1:46 
Ryan McLeod              0  0  0   0  0   0  0  0  0  0  0/0     3:48   0:00   0:00 
Steven Stamkos           0  1  1   0  0   3  0  0  0  0  13/25  23:43   6:39   0:00 
Vincent Trocheck         1  2  3   2  0   3  4  0  0  0  21/33  20:40   6:23   2:29 
Yegor Sharangovich       0  0  0   0  0   0  1  0  0  0  0/1    10:20   0:19   0:00 

3 Stars

1 - Vincent Trocheck (FLO)
2 - Connor Murphy (FLO)
3 - Brock Nelson (FLO)

Power Play

MONTREAL Canadiens - 0 on 2 Attempt(s) - 0,00%
FLORIDA Panthers - 1 on 6 Attempt(s) - 16,67%

Penalty Kill

MONTREAL Canadiens - 5 on 6 Attempt(s) - 83,33% - Score 1 goal in Penalty Kill
FLORIDA Panthers - 2 on 2 Attempt(s) - 100,00% - Score 0 goal in Penalty Kill

Team Stat

MONTREAL Canadiens - Hits : 35 - Faceoff Wins : 37 - Blocked Shots : 14 - Penalty Minutes : 25
FLORIDA Panthers - Hits : 20 - Faceoff Wins : 46 - Blocked Shots : 3 - Penalty Minutes : 4

Official

Referees : Trey Pecina and Elizabeth Mantha
Linesman : Derek Morris and Kilian McNamara

Game Notes

Noah Dobson (MTL) for Abuse of Officials (Major / Game Misconduct) at 0:27
Noah Dobson ejected from game at 0:27 of 2nd period

Finance

Level 1 -- Attendance: 5073 (79,89%) -- Ticket Income $507,300
Level 2 -- Attendance: 4719 (90,75%) -- Ticket Income $268,983
Level 3 -- Attendance: 2410 (80,33%) -- Ticket Income $77,120
Level 4 -- Attendance: 4343 (94,41%) -- Ticket Income $86,860
Luxury Box -- Attendance: 1003 (97,85%) -- Ticket Income $195,585
Game was played at the BB-T Center.
Total Attendance: 17548 (86,98%)
Total Ticket Income: $1,135,848
Other Income: $283,962
Total Income: $1,419,810

MONTREAL Canadiens

5 vs 5 Forward 
   Center                   Left Wing                Right Wing               Time % Phy DF OF 
 1 Pierre-Luc Dubois        Cole Caufield            Anthony Beauvillier      40     1   2  2  
 2 Phillip Danault          Zach Parise              Anthony Mantha           30     1   2  2  
 3 Nicolas Roy              Alexis Lafrenière        Michael Amadio           20     1   2  2  
 4 Joe Veleno               William Carrier          Arthur Kaliyev           10     1   2  2  

5 vs 5 Defense 
   Defense                  Defense                                           Time % Phy DF OF 
 1 Noah Dobson              Mike Matheson                                     40     1   2  2  
 2 David Savard             Jeremy Lauzon                                     30     1   2  2  
 3 Marco Scandella          Simon Benoit                                      20     1   2  2  
 4 Noah Dobson              Mike Matheson                                     10     1   2  2  

PowerPlay Forward 
   Center                   Left Wing                Right Wing               Time % Phy DF OF 
 1 Pierre-Luc Dubois        Cole Caufield            Anthony Beauvillier      70     1   2  2  
 2 Pierre-Luc Dubois        Zach Parise              Nicolas Roy              30     1   2  2  

PowerPlay Defense
   Defense                  Defense                                           Time % Phy DF OF 
 1 Noah Dobson              Mike Matheson                                     70     1   2  2  
 2 David Savard             Jeremy Lauzon                                     30     1   2  2  

Penalty Kill 4 Players Forward 
   Center                   Wing                     Time % Phy DF OF 
 1 Phillip Danault          Nicolas Roy              60     1   2  2  
 2 Joe Veleno               Anthony Beauvillier      40     1   2  2  

Penalty Kill 4 Players Defense
   Defense                  Defense                  Time % Phy DF OF 
 1 David Savard             Jeremy Lauzon            60     1   2  2  
 2 Marco Scandella          Simon Benoit             40     1   2  2  

Penalty Kill - 3 Players Forward 
   Forward                                           Time % Phy DF OF 
 1 Phillip Danault                                   60     1   2  2  
 2 Nicolas Roy                                       40     1   2  2  

Penalty Kill - 3 Players Defense
   Defense                  Defense                  Time % Phy DF OF 
 1 David Savard             Jeremy Lauzon            60     1   2  2  
 2 Marco Scandella          Simon Benoit             40     1   2  2  

4 vs 4 Forward 
   Center                   Wing                     Time % Phy DF OF 
 1 Pierre-Luc Dubois        Cole Caufield            60     1   2  2  
 2 Phillip Danault          Nicolas Roy              40     1   2  2  

4 vs 4 Defense
   Defense                  Defense                  Time % Phy DF OF 
 1 Noah Dobson              Mike Matheson            60     1   2  2  
 2 David Savard             Jeremy Lauzon            40     1   2  2  

Last Minutes Offensive
   Center                   Left Wing                Right Wing               Defense                  Defense                  
   Pierre-Luc Dubois        Cole Caufield            Nicolas Roy              Noah Dobson              Mike Matheson            

Last Minutes Defensive
   Center                   Left Wing                Right Wing               Defense                  Defense                  
   Phillip Danault          Anthony Beauvillier      Nicolas Roy              David Savard             Jeremy Lauzon            

Goaltenders
Starting : Jordan Binnington        
Backup : Petr Mrazek              

Extra Forwards
Normal : Alexis Lafrenière, Anthony Mantha, Zach Parise - PP : Cole Caufield, Michael Amadio - PK : Alexis Lafrenière
Extra Defensemen
Normal : Marco Scandella, Simon Benoit, David Savard - PP : Marco Scandella - PK : Simon Benoit, David Savard
Penalty Shots
Phillip Danault, Cole Caufield, Pierre-Luc Dubois, Anthony Beauvillier, Nicolas Roy

Scratches
Max Comtois (Healthy), Luke Evangelista (Healthy)

FLORIDA Panthers

5 vs 5 Forward 
   Center                   Left Wing                Right Wing               Time % Phy DF OF 
 1 Steven Stamkos           Carter Verhaeghe         Matthew Tkachuk          40     1   2  2  
 2 Vincent Trocheck         Brock Nelson             Brandon Saad             30     1   1  3  
 3 Adam Henrique            Eetu Luostarinen         Yegor Sharangovich       20     1   2  2  
 4 Derek Grant              Ryan McLeod              Jordan Martinook         10     1   2  2  

5 vs 5 Defense 
   Defense                  Defense                                           Time % Phy DF OF 
 1 Josh Morrissey           Ryan McDonagh                                     40     1   2  2  
 2 Dougie Hamilton          Brady Skjei                                       30     1   2  2  
 3 Connor Murphy            Jake Walman                                       20     1   2  2  
 4 Brady Skjei              Ryan McDonagh                                     10     1   2  2  

PowerPlay Forward 
   Center                   Left Wing                Right Wing               Time % Phy DF OF 
 1 Steven Stamkos           Carter Verhaeghe         Matthew Tkachuk          60     1   1  3  
 2 Vincent Trocheck         Brock Nelson             Brandon Saad             40     1   1  3  

PowerPlay Defense
   Defense                  Defense                                           Time % Phy DF OF 
 1 Josh Morrissey           Dougie Hamilton                                   70     1   1  3  
 2 Brady Skjei              Dougie Hamilton                                   30     1   1  3  

Penalty Kill 4 Players Forward 
   Center                   Wing                     Time % Phy DF OF 
 1 Vincent Trocheck         Brock Nelson             60     1   3  1  
 2 Adam Henrique            Eetu Luostarinen         40     1   4  0  

Penalty Kill 4 Players Defense
   Defense                  Defense                  Time % Phy DF OF 
 1 Ryan McDonagh            Brady Skjei              60     1   3  1  
 2 Connor Murphy            Jake Walman              40     1   3  1  

Penalty Kill - 3 Players Forward 
   Forward                                           Time % Phy DF OF 
 1 Eetu Luostarinen                                  60     0   5  0  
 2 Vincent Trocheck                                  40     0   5  0  

Penalty Kill - 3 Players Defense
   Defense                  Defense                  Time % Phy DF OF 
 1 Connor Murphy            Ryan McDonagh            60     1   4  0  
 2 Brady Skjei              Jake Walman              40     1   4  0  

4 vs 4 Forward 
   Center                   Wing                     Time % Phy DF OF 
 1 Steven Stamkos           Matthew Tkachuk          60     1   2  2  
 2 Vincent Trocheck         Brock Nelson             40     1   2  2  

4 vs 4 Defense
   Defense                  Defense                  Time % Phy DF OF 
 1 Josh Morrissey           Ryan McDonagh            60     1   2  2  
 2 Brady Skjei              Jake Walman              40     1   2  2  

Last Minutes Offensive
   Center                   Left Wing                Right Wing               Defense                  Defense                  
   Steven Stamkos           Carter Verhaeghe         Matthew Tkachuk          Josh Morrissey           Dougie Hamilton          

Last Minutes Defensive
   Center                   Left Wing                Right Wing               Defense                  Defense                  
   Vincent Trocheck         Brock Nelson             Brandon Saad             Ryan McDonagh            Connor Murphy            

Goaltenders
Starting : Darcy Kuemper            
Backup : Cayden Primeau           

Extra Forwards
Normal : Steven Stamkos, Matthew Tkachuk, Carter Verhaeghe - PP : Yegor Sharangovich, Adam Henrique - PK : Eetu Luostarinen
Extra Defensemen
Normal : Brady Skjei, Dougie Hamilton, Connor Murphy - PP : Dougie Hamilton - PK : Ryan McDonagh, Connor Murphy
Penalty Shots
Steven Stamkos, Matthew Tkachuk, Brock Nelson, Carter Verhaeghe, Vincent Trocheck

Scratches
None


% Time on Ice - MONTREAL Canadiens

Lines # - Real PCT - Wanted PCT - Time Play
Normal Forward
1 - 34% - 40% - 14:29
2 - 27% - 30% - 11:27
3 - 23% - 20% - 10:00
4 - 16% - 10% - 6:45
Normal Defense
1 - 46% - 40% - 19:43
2 - 29% - 30% - 12:28
3 - 20% - 20% - 8:40
4 - 4% - 10% - 1:50
PP Forward
1 - 62% - 70% - 2:28
2 - 38% - 30% - 1:30
PP Defense
1 - 100% - 70% - 3:58
2 - 0% - 30% - 0:00
PK Forward
1 - 62% - 60% - 8:20
2 - 38% - 40% - 5:01
PK Defense
1 - 57% - 60% - 7:39
2 - 43% - 40% - 5:42
PK3 Forward
1 - 0% - 60%
2 - 0% - 40%
PK3 Defense
1 - 0% - 60%
2 - 0% - 40%
44 Forward
1 - 0% - 60%
2 - 0% - 40%
44 Defense
1 - 0% - 60%
2 - 0% - 40%
Last Minute Offensive  - 0:00
Last Minute Defensive  - 0:00
Total
Forward - 60:00
Defense - 60:00

% Time on Ice - FLORIDA Panthers

Lines # - Real PCT - Wanted PCT - Time Play
Normal Forward
1 - 40% - 40% - 17:04
2 - 28% - 30% - 11:48
3 - 23% - 20% - 10:01
4 - 9% - 10% - 3:48
Normal Defense
1 - 41% - 40% - 17:30
2 - 31% - 30% - 13:10
3 - 26% - 20% - 10:54
4 - 3% - 10% - 1:07
PP Forward
1 - 52% - 60% - 6:58
2 - 48% - 40% - 6:23
PP Defense
1 - 60% - 70% - 8:00
2 - 40% - 30% - 5:21
PK Forward
1 - 73% - 60% - 2:54
2 - 27% - 40% - 1:04
PK Defense
1 - 45% - 60% - 1:46
2 - 55% - 40% - 2:12
PK3 Forward
1 - 0% - 60%
2 - 0% - 40%
PK3 Defense
1 - 0% - 60%
2 - 0% - 40%
44 Forward
1 - 0% - 60%
2 - 0% - 40%
44 Defense
1 - 0% - 60%
2 - 0% - 40%
Last Minute Offensive  - 0:00
Last Minute Defensive  - 0:00
Total
Forward - 60:00
Defense - 60:00

Play-by-Play

1st period


0:01 of 1st period - Pierre-Luc Dubois wins face-off versus Steven Stamkos in neutral zone.
0:03 of 1st period - Cole Caufield is hit by Matthew Tkachuk and loses puck.
0:21 of 1st period - Carter Verhaeghe is hit by Mike Matheson and loses puck.
0:26 of 1st period - Shot by Steven Stamkos.
0:26 of 1st period - Shot Misses the Net.
0:28 of 1st period - Shot by Matthew Tkachuk.
0:28 of 1st period - Goal by Matthew Tkachuk - MONTREAL Canadiens : 0 - FLORIDA Panthers : 1.
0:29 of 1st period - Vincent Trocheck wins face-off versus Phillip Danault in neutral zone.
1:09 of 1st period - Shot by Brandon Saad.
1:09 of 1st period - Stopped by Jordan Binnington without a rebound.
1:10 of 1st period - Adam Henrique wins face-off versus Nicolas Roy in MONTREAL Canadiens zone.
1:10 of 1st period - Adam Henrique is hit by Simon Benoit.
1:11 of 1st period - Minor Penalty to Simon Benoit for High sticking.
1:12 of 1st period - Phillip Danault wins face-off versus Steven Stamkos in MONTREAL Canadiens zone.
1:19 of 1st period - Shot by Josh Morrissey.
1:19 of 1st period - Deflect By Carter Verhaeghe.
1:19 of 1st period - Shot Misses the Net.
1:33 of 1st period - Shot by Steven Stamkos.
1:33 of 1st period - Stopped by Jordan Binnington without a rebound.
1:34 of 1st period - Vincent Trocheck wins face-off versus Joe Veleno in MONTREAL Canadiens zone.
1:34 of 1st period - Vincent Trocheck is hit by Mike Matheson.
1:36 of 1st period - Shot by Brock Nelson.
1:36 of 1st period - Goal by Brock Nelson - MONTREAL Canadiens : 0 - FLORIDA Panthers : 2.
1:37 of 1st period - Nicolas Roy wins face-off versus Adam Henrique in neutral zone.
1:55 of 1st period - Jake Walman is hit by Alexis Lafrenière and loses puck.
2:05 of 1st period - Icing by Adam Henrique.
2:06 of 1st period - Pierre-Luc Dubois wins face-off versus Adam Henrique in FLORIDA Panthers zone.
2:17 of 1st period - Shot by Anthony Beauvillier.
2:17 of 1st period - Shot Blocked by Connor Murphy.
2:19 of 1st period - Shot by Marco Scandella.
2:19 of 1st period - Stopped by Darcy Kuemper without a rebound.
2:20 of 1st period - Joe Veleno wins face-off versus Steven Stamkos in FLORIDA Panthers zone.
2:23 of 1st period - Shot by Arthur Kaliyev.
2:23 of 1st period - Stopped by Darcy Kuemper without a rebound.
2:24 of 1st period - Steven Stamkos wins face-off versus Cole Caufield in FLORIDA Panthers zone.
2:24 of 1st period - Carter Verhaeghe is hit by Pierre-Luc Dubois and loses puck.
2:30 of 1st period - Matthew Tkachuk is hit by Pierre-Luc Dubois.
2:47 of 1st period - Anthony Beauvillier is hit by Ryan McDonagh and loses puck.
3:05 of 1st period - Cole Caufield is hit by Ryan McDonagh and loses puck.
3:25 of 1st period - Icing by Brady Skjei.
3:26 of 1st period - Anthony Mantha wins face-off versus Derek Grant in FLORIDA Panthers zone.
3:29 of 1st period - Shot by Zach Parise.
3:29 of 1st period - Shot Misses the Net.
3:31 of 1st period - Shot by Zach Parise.
3:31 of 1st period - Shot Hit the Post.
4:20 of 1st period - Minor Penalty to Zach Parise for High sticking.
4:21 of 1st period - Steven Stamkos wins face-off versus Phillip Danault in MONTREAL Canadiens zone.
4:24 of 1st period - Shot by Josh Morrissey.
4:24 of 1st period - Stopped by Jordan Binnington with a rebound.
4:26 of 1st period - Shot by Matthew Tkachuk.
4:26 of 1st period - Stopped by Jordan Binnington without a rebound.
4:27 of 1st period - Phillip Danault wins face-off versus Steven Stamkos in MONTREAL Canadiens zone.
4:38 of 1st period - Shot by Carter Verhaeghe.
4:38 of 1st period - Stopped by Jordan Binnington without a rebound.
4:39 of 1st period - Vincent Trocheck wins face-off versus Phillip Danault in MONTREAL Canadiens zone.
4:54 of 1st period - Shot by Josh Morrissey.
4:54 of 1st period - Stopped by Jordan Binnington without a rebound.
4:55 of 1st period - Steven Stamkos wins face-off versus Joe Veleno in MONTREAL Canadiens zone.
5:43 of 1st period - Phillip Danault is hit by Josh Morrissey and loses puck.
6:04 of 1st period - Shot by Brandon Saad.
6:04 of 1st period - Stopped by Jordan Binnington without a rebound.
6:05 of 1st period - Joe Veleno wins face-off versus Vincent Trocheck in MONTREAL Canadiens zone.
6:19 of 1st period - Shot by Brady Skjei.
6:19 of 1st period - Stopped by Jordan Binnington with a rebound.
6:29 of 1st period - Shot by Alexis Lafrenière.
6:29 of 1st period - Stopped by Darcy Kuemper without a rebound.
6:30 of 1st period - Vincent Trocheck wins face-off versus Pierre-Luc Dubois in FLORIDA Panthers zone.
6:54 of 1st period - Connor Murphy is hit by Anthony Beauvillier and loses puck.
7:07 of 1st period - Shot by Brandon Saad.
7:07 of 1st period - Goal by Brandon Saad - MONTREAL Canadiens : 0 - FLORIDA Panthers : 3.
7:08 of 1st period - Nicolas Roy wins face-off versus Adam Henrique in neutral zone.
7:14 of 1st period - Nicolas Roy is hit by Josh Morrissey and loses puck.
8:16 of 1st period - Shot by Matthew Tkachuk.
8:16 of 1st period - Stopped by Jordan Binnington without a rebound.
8:17 of 1st period - Vincent Trocheck wins face-off versus Pierre-Luc Dubois in MONTREAL Canadiens zone.
9:10 of 1st period - Mike Matheson is hit by Connor Murphy and loses puck.
9:20 of 1st period - Off-side.
9:21 of 1st period - Adam Henrique wins face-off versus Phillip Danault in neutral zone.
9:41 of 1st period - Eetu Luostarinen is hit by Simon Benoit and loses puck.
9:56 of 1st period - Shot by Adam Henrique.
9:56 of 1st period - Shot Misses the Net.
10:18 of 1st period - Shot by Matthew Tkachuk.
10:18 of 1st period - Stopped by Jordan Binnington without a rebound.
10:19 of 1st period - Steven Stamkos wins face-off versus Joe Veleno in MONTREAL Canadiens zone.
10:19 of 1st period - Brady Skjei is hit by Jeremy Lauzon and loses puck.
10:23 of 1st period - Matthew Tkachuk is hit by Jeremy Lauzon and loses puck.
11:16 of 1st period - Vincent Trocheck is hit by David Savard and loses puck.
11:25 of 1st period - Shot by Brandon Saad.
11:25 of 1st period - Shot Misses the Net.
11:26 of 1st period - Double Minor Penalty to Jeremy Lauzon for Roughing.
11:27 of 1st period - Phillip Danault wins face-off versus Vincent Trocheck in MONTREAL Canadiens zone.
11:38 of 1st period - Nicolas Roy is hit by Brock Nelson and loses puck.
12:27 of 1st period - Shot by Steven Stamkos.
12:27 of 1st period - Stopped by Jordan Binnington without a rebound.
12:28 of 1st period - Steven Stamkos wins face-off versus Joe Veleno in MONTREAL Canadiens zone.
12:51 of 1st period - Shot by Josh Morrissey.
12:51 of 1st period - Shot Misses the Net.
12:56 of 1st period - Matthew Tkachuk is hit by Mike Matheson and loses puck.
14:52 of 1st period - Icing by Jake Walman.
14:53 of 1st period - Anthony Mantha wins face-off versus Yegor Sharangovich in FLORIDA Panthers zone.
14:56 of 1st period - Shot by Anthony Mantha.
14:56 of 1st period - Goal by Anthony Mantha - MONTREAL Canadiens : 1 - FLORIDA Panthers : 3.
14:57 of 1st period - Steven Stamkos wins face-off versus Joe Veleno in neutral zone.
14:57 of 1st period - Matthew Tkachuk is hit by Joe Veleno and loses puck.
15:01 of 1st period - Carter Verhaeghe is hit by Joe Veleno and loses puck.
15:05 of 1st period - Josh Morrissey is hit by Simon Benoit and loses puck.
15:49 of 1st period - Nicolas Roy is hit by Brady Skjei.
15:56 of 1st period - Minor Penalty to Nicolas Roy for High sticking.
15:57 of 1st period - Vincent Trocheck wins face-off versus Phillip Danault in MONTREAL Canadiens zone.
15:57 of 1st period - Vincent Trocheck is hit by Simon Benoit.
16:01 of 1st period - Shot by Brandon Saad.
16:01 of 1st period - Shot Blocked by Simon Benoit.
16:03 of 1st period - Shot by Josh Morrissey.
16:03 of 1st period - Shot Misses the Net.
16:05 of 1st period - Shot by Josh Morrissey.
16:05 of 1st period - Shot Misses the Net.
16:07 of 1st period - Shot by Brandon Saad.
16:07 of 1st period - Shot Misses the Net.
16:09 of 1st period - Shot by Brock Nelson.
16:09 of 1st period - Shot Misses the Net.
16:11 of 1st period - Shot by Brock Nelson.
16:11 of 1st period - Deflect By Vincent Trocheck.
16:11 of 1st period - Stopped by Jordan Binnington without a rebound.
16:12 of 1st period - Alexis Lafrenière wins face-off versus Vincent Trocheck in MONTREAL Canadiens zone.
17:11 of 1st period - Shot by Matthew Tkachuk.
17:11 of 1st period - Deflect By Steven Stamkos.
17:11 of 1st period - Shot Blocked by Jeremy Lauzon.
17:13 of 1st period - Shot by Brady Skjei.
17:13 of 1st period - Shot Blocked by David Savard.
17:53 of 1st period - Shot by Brandon Saad.
17:53 of 1st period - Shot Blocked by Marco Scandella.
17:55 of 1st period - Shot by Brock Nelson.
17:55 of 1st period - Shot Misses the Net.
18:21 of 1st period - Shot by Eetu Luostarinen.
18:21 of 1st period - Stopped by Jordan Binnington without a rebound.
18:22 of 1st period - Derek Grant wins face-off versus Phillip Danault in MONTREAL Canadiens zone.
18:38 of 1st period - Shot by Derek Grant.
18:38 of 1st period - Shot Misses the Net.
18:40 of 1st period - Shot by Jordan Martinook.
18:40 of 1st period - Stopped by Jordan Binnington without a rebound.
18:41 of 1st period - Steven Stamkos wins face-off versus Joe Veleno in MONTREAL Canadiens zone.
19:02 of 1st period - Matthew Tkachuk is hit by Mike Matheson and loses puck.
Goals for this period are 1 for MONTREAL Canadiens vs 3 for FLORIDA Panthers.
Shots for this period are 4 for MONTREAL Canadiens vs 17 for FLORIDA Panthers.

2nd period


0:01 of 2nd period - Pierre-Luc Dubois wins face-off versus Carter Verhaeghe in neutral zone.
0:27 of 2nd period - Major / Game Misconduct Penalty to Noah Dobson for Abuse of Officials.
0:27 of 2nd period - Noah Dobson is ejected from game.
0:28 of 2nd period - Phillip Danault wins face-off versus Vincent Trocheck in MONTREAL Canadiens zone.
0:51 of 2nd period - Shot by Brady Skjei.
0:51 of 2nd period - Shot Blocked by David Savard.
1:30 of 2nd period - Matthew Tkachuk is hit by Jeremy Lauzon and loses puck.
2:02 of 2nd period - Off-side.
2:03 of 2nd period - Vincent Trocheck wins face-off versus Phillip Danault in neutral zone.
3:30 of 2nd period - Shot by Brady Skjei.
3:30 of 2nd period - Stopped by Jordan Binnington without a rebound.
3:31 of 2nd period - Steven Stamkos wins face-off versus Alexis Lafrenière in MONTREAL Canadiens zone.
3:36 of 2nd period - Shot by Connor Murphy.
3:36 of 2nd period - Shot Misses the Net.
4:05 of 2nd period - Icing by Connor Murphy.
4:06 of 2nd period - Joe Veleno wins face-off versus Steven Stamkos in FLORIDA Panthers zone.
4:42 of 2nd period - Shot by Dougie Hamilton.
4:42 of 2nd period - Deflect By Brandon Saad.
4:42 of 2nd period - Shot Misses the Net.
5:38 of 2nd period - Shot by Ryan McDonagh.
5:38 of 2nd period - Stopped by Jordan Binnington without a rebound.
5:39 of 2nd period - Adam Henrique wins face-off versus Pierre-Luc Dubois in MONTREAL Canadiens zone.
5:50 of 2nd period - Shot by Eetu Luostarinen.
5:50 of 2nd period - Shot Misses the Net.
5:52 of 2nd period - Shot by Adam Henrique.
5:52 of 2nd period - Stopped by Jordan Binnington without a rebound.
5:53 of 2nd period - Jordan Martinook wins face-off versus Nicolas Roy in MONTREAL Canadiens zone.
6:50 of 2nd period - Shot by Matthew Tkachuk.
6:50 of 2nd period - Shot Misses the Net.
6:52 of 2nd period - Shot by Jake Walman.
6:52 of 2nd period - Shot Blocked by David Savard.
6:54 of 2nd period - Shot by Connor Murphy.
6:54 of 2nd period - Goal by Connor Murphy - MONTREAL Canadiens : 1 - FLORIDA Panthers : 4.
6:55 of 2nd period - Pierre-Luc Dubois wins face-off versus Vincent Trocheck in neutral zone.
7:08 of 2nd period - Shot by Brandon Saad.
7:08 of 2nd period - Shot Blocked by Marco Scandella.
7:10 of 2nd period - Shot by Vincent Trocheck.
7:10 of 2nd period - Shot Blocked by Pierre-Luc Dubois.
7:53 of 2nd period - Icing by Brandon Saad.
7:54 of 2nd period - Vincent Trocheck wins face-off versus Phillip Danault in FLORIDA Panthers zone.
7:54 of 2nd period - Vincent Trocheck is hit by Zach Parise.
8:14 of 2nd period - Shot by Steven Stamkos.
8:14 of 2nd period - Shot Blocked by Marco Scandella.
8:16 of 2nd period - Shot by Matthew Tkachuk.
8:16 of 2nd period - Deflect By Steven Stamkos.
8:16 of 2nd period - Shot Misses the Net.
8:26 of 2nd period - Shot by Matthew Tkachuk.
8:26 of 2nd period - Shot Misses the Net.
8:40 of 2nd period - Shot by Matthew Tkachuk.
8:40 of 2nd period - Deflect By Steven Stamkos.
8:40 of 2nd period - Shot Misses the Net.
9:26 of 2nd period - Shot by Eetu Luostarinen.
9:26 of 2nd period - Stopped by Jordan Binnington without a rebound.
9:27 of 2nd period - Derek Grant wins face-off versus Pierre-Luc Dubois in MONTREAL Canadiens zone.
9:27 of 2nd period - Brady Skjei is hit by Jeremy Lauzon and loses puck.
9:42 of 2nd period - Shot by Dougie Hamilton.
9:42 of 2nd period - Stopped by Jordan Binnington without a rebound.
9:43 of 2nd period - Vincent Trocheck wins face-off versus Nicolas Roy in MONTREAL Canadiens zone.
9:43 of 2nd period - Vincent Trocheck is hit by David Savard.
10:05 of 2nd period - Shot by Nicolas Roy.
10:05 of 2nd period - Stopped by Darcy Kuemper without a rebound.
10:06 of 2nd period - Steven Stamkos wins face-off versus Pierre-Luc Dubois in FLORIDA Panthers zone.
10:06 of 2nd period - Steven Stamkos is hit by Pierre-Luc Dubois.
11:16 of 2nd period - Shot by Brock Nelson.
11:16 of 2nd period - Shot Blocked by Alexis Lafrenière.
11:37 of 2nd period - Shot by Brock Nelson.
11:37 of 2nd period - Stopped by Jordan Binnington without a rebound.
11:38 of 2nd period - Joe Veleno wins face-off versus Adam Henrique in MONTREAL Canadiens zone.
11:40 of 2nd period - Icing by Arthur Kaliyev.
11:41 of 2nd period - Adam Henrique wins face-off versus Joe Veleno in MONTREAL Canadiens zone.
12:03 of 2nd period - Yegor Sharangovich is hit by Mike Matheson and loses puck.
13:44 of 2nd period - Carter Verhaeghe is hit by Pierre-Luc Dubois and loses puck.
14:03 of 2nd period - Shot by Zach Parise.
14:03 of 2nd period - Stopped by Darcy Kuemper without a rebound.
14:04 of 2nd period - Vincent Trocheck wins face-off versus Nicolas Roy in FLORIDA Panthers zone.
14:04 of 2nd period - Brady Skjei is hit by Alexis Lafrenière and loses puck.
14:34 of 2nd period - Icing by David Savard.
14:35 of 2nd period - Nicolas Roy wins face-off versus Adam Henrique in MONTREAL Canadiens zone.
14:35 of 2nd period - Nicolas Roy is hit by Eetu Luostarinen.
14:44 of 2nd period - Minor Penalty to Eetu Luostarinen for Interference.
14:45 of 2nd period - Brock Nelson wins face-off versus Anthony Beauvillier in FLORIDA Panthers zone.
15:48 of 2nd period - Nicolas Roy is hit by Ryan McDonagh and loses puck.
16:52 of 2nd period - Shot by William Carrier.
16:52 of 2nd period - Goal by William Carrier - MONTREAL Canadiens : 2 - FLORIDA Panthers : 4.
16:53 of 2nd period - Joe Veleno wins face-off versus Steven Stamkos in neutral zone.
17:06 of 2nd period - Shot by William Carrier.
17:06 of 2nd period - Shot Misses the Net.
17:16 of 2nd period - Shot by Matthew Tkachuk.
17:16 of 2nd period - Stopped by Jordan Binnington without a rebound.
17:17 of 2nd period - Phillip Danault wins face-off versus Vincent Trocheck in MONTREAL Canadiens zone.
17:17 of 2nd period - Phillip Danault is hit by Vincent Trocheck.
17:43 of 2nd period - Ryan McDonagh is hit by Anthony Mantha and loses puck.
17:59 of 2nd period - Icing by David Savard.
18:00 of 2nd period - Phillip Danault wins face-off versus Steven Stamkos in MONTREAL Canadiens zone.
18:34 of 2nd period - Shot by Matthew Tkachuk.
18:34 of 2nd period - Stopped by Jordan Binnington without a rebound.
18:35 of 2nd period - Michael Amadio wins face-off versus Adam Henrique in MONTREAL Canadiens zone.
18:35 of 2nd period - Michael Amadio is hit by Yegor Sharangovich.
18:59 of 2nd period - Yegor Sharangovich is hit by Nicolas Roy.
19:04 of 2nd period - Connor Murphy is hit by Nicolas Roy and loses puck.
19:30 of 2nd period - Icing by Nicolas Roy.
19:31 of 2nd period - Steven Stamkos wins face-off versus Nicolas Roy in MONTREAL Canadiens zone.
Goals for this period are 1 for MONTREAL Canadiens vs 1 for FLORIDA Panthers.
Shots for this period are 3 for MONTREAL Canadiens vs 9 for FLORIDA Panthers.

3rd period


0:01 of 3rd period - Pierre-Luc Dubois wins face-off versus Steven Stamkos in neutral zone.
0:34 of 3rd period - Shot by Steven Stamkos.
0:34 of 3rd period - Shot Blocked by David Savard.
0:36 of 3rd period - Shot by Ryan McDonagh.
0:36 of 3rd period - Stopped by Jordan Binnington without a rebound.
0:37 of 3rd period - Vincent Trocheck wins face-off versus Phillip Danault in MONTREAL Canadiens zone.
0:54 of 3rd period - Shot by Vincent Trocheck.
0:54 of 3rd period - Stopped by Jordan Binnington without a rebound.
0:55 of 3rd period - Nicolas Roy wins face-off versus Adam Henrique in MONTREAL Canadiens zone.
1:04 of 3rd period - Shot by Alexis Lafrenière.
1:04 of 3rd period - Shot Blocked by Jake Walman.
1:06 of 3rd period - Shot by Nicolas Roy.
1:06 of 3rd period - Shot Misses the Net.
1:08 of 3rd period - Shot by Marco Scandella.
1:08 of 3rd period - Stopped by Darcy Kuemper without a rebound.
1:09 of 3rd period - Pierre-Luc Dubois wins face-off versus Steven Stamkos in FLORIDA Panthers zone.
1:19 of 3rd period - Cole Caufield is hit by Josh Morrissey and loses puck.
1:49 of 3rd period - Icing by David Savard.
1:50 of 3rd period - Vincent Trocheck wins face-off versus Pierre-Luc Dubois in MONTREAL Canadiens zone.
1:55 of 3rd period - Shot by Vincent Trocheck.
1:55 of 3rd period - Goal by Vincent Trocheck - MONTREAL Canadiens : 2 - FLORIDA Panthers : 5.
1:56 of 3rd period - Phillip Danault wins face-off versus Vincent Trocheck in neutral zone.
1:56 of 3rd period - Zach Parise is hit by Vincent Trocheck and loses puck.
2:11 of 3rd period - Shot by Vincent Trocheck.
2:11 of 3rd period - Deflect By Brandon Saad.
2:11 of 3rd period - Shot Misses the Net.
2:13 of 3rd period - Shot by Brandon Saad.
2:13 of 3rd period - Stopped by Jordan Binnington without a rebound.
2:14 of 3rd period - Nicolas Roy wins face-off versus Steven Stamkos in MONTREAL Canadiens zone.
2:40 of 3rd period - Icing by Alexis Lafrenière.
2:41 of 3rd period - Michael Amadio wins face-off versus Vincent Trocheck in MONTREAL Canadiens zone.
2:45 of 3rd period - Icing by Mike Matheson.
2:46 of 3rd period - Nicolas Roy wins face-off versus Brandon Saad in MONTREAL Canadiens zone.
2:57 of 3rd period - Shot by Brandon Saad.
2:57 of 3rd period - Stopped by Jordan Binnington without a rebound.
2:58 of 3rd period - Pierre-Luc Dubois wins face-off versus Steven Stamkos in MONTREAL Canadiens zone.
4:00 of 3rd period - Shot by Zach Parise.
4:00 of 3rd period - Shot Misses the Net.
4:20 of 3rd period - Shot by Phillip Danault.
4:20 of 3rd period - Shot Misses the Net.
4:22 of 3rd period - Shot by Anthony Mantha.
4:22 of 3rd period - Deflect By Zach Parise.
4:22 of 3rd period - Shot Misses the Net.
4:24 of 3rd period - Shot by Phillip Danault.
4:24 of 3rd period - Goal by Phillip Danault - MONTREAL Canadiens : 3 - FLORIDA Panthers : 5.
4:25 of 3rd period - Vincent Trocheck wins face-off versus Alexis Lafrenière in neutral zone.
4:51 of 3rd period - Shot by Brandon Saad.
4:51 of 3rd period - Stopped by Jordan Binnington without a rebound.
4:52 of 3rd period - Adam Henrique wins face-off versus Pierre-Luc Dubois in MONTREAL Canadiens zone.
5:10 of 3rd period - Eetu Luostarinen is hit by Simon Benoit.
5:16 of 3rd period - Shot by Yegor Sharangovich.
5:16 of 3rd period - Shot Blocked by Simon Benoit.
6:49 of 3rd period - Michael Amadio is hit by Dougie Hamilton and loses puck.
7:02 of 3rd period - Shot by Vincent Trocheck.
7:02 of 3rd period - Shot Misses the Net.
7:12 of 3rd period - Shot by Ryan McDonagh.
7:12 of 3rd period - Shot Blocked by Alexis Lafrenière.
7:14 of 3rd period - Shot by Matthew Tkachuk.
7:14 of 3rd period - Stopped by Jordan Binnington without a rebound.
7:15 of 3rd period - Pierre-Luc Dubois wins face-off versus Matthew Tkachuk in MONTREAL Canadiens zone.
7:22 of 3rd period - Shot by Pierre-Luc Dubois.
7:22 of 3rd period - Stopped by Darcy Kuemper without a rebound.
7:23 of 3rd period - Steven Stamkos wins face-off versus Pierre-Luc Dubois in FLORIDA Panthers zone.
7:23 of 3rd period - Steven Stamkos is hit by Pierre-Luc Dubois.
7:51 of 3rd period - Shot by Steven Stamkos.
7:51 of 3rd period - Deflect By Matthew Tkachuk.
7:51 of 3rd period - Stopped by Jordan Binnington without a rebound.
7:52 of 3rd period - Vincent Trocheck wins face-off versus Phillip Danault in MONTREAL Canadiens zone.
7:57 of 3rd period - Shot by Brock Nelson.
7:57 of 3rd period - Deflect By Brandon Saad.
7:57 of 3rd period - Stopped by Jordan Binnington without a rebound.
7:58 of 3rd period - Phillip Danault wins face-off versus Vincent Trocheck in MONTREAL Canadiens zone.
8:13 of 3rd period - Shot by Brock Nelson.
8:13 of 3rd period - Shot Blocked by Marco Scandella.
8:15 of 3rd period - Shot by Brady Skjei.
8:15 of 3rd period - Stopped by Jordan Binnington with a rebound.
8:18 of 3rd period - Icing by Zach Parise.
8:19 of 3rd period - Steven Stamkos wins face-off versus Phillip Danault in MONTREAL Canadiens zone.
8:34 of 3rd period - Shot by Steven Stamkos.
8:34 of 3rd period - Stopped by Jordan Binnington with a rebound.
8:36 of 3rd period - Shot by Carter Verhaeghe.
8:36 of 3rd period - Shot Misses the Net.
8:38 of 3rd period - Shot by Steven Stamkos.
8:38 of 3rd period - Shot Hit the Post.
8:45 of 3rd period - Icing by Marco Scandella.
8:46 of 3rd period - Vincent Trocheck wins face-off versus Phillip Danault in MONTREAL Canadiens zone.
8:46 of 3rd period - Brady Skjei is hit by Simon Benoit and loses puck.
8:52 of 3rd period - Icing by Marco Scandella.
8:53 of 3rd period - Phillip Danault wins face-off versus Vincent Trocheck in MONTREAL Canadiens zone.
8:55 of 3rd period - Simon Benoit is hit by Vincent Trocheck and loses puck.
9:07 of 3rd period - Icing by Vincent Trocheck.
9:08 of 3rd period - Vincent Trocheck wins face-off versus Pierre-Luc Dubois in FLORIDA Panthers zone.
9:24 of 3rd period - Icing by Jeremy Lauzon.
9:25 of 3rd period - Pierre-Luc Dubois wins face-off versus Carter Verhaeghe in MONTREAL Canadiens zone.
9:56 of 3rd period - Shot by Anthony Beauvillier.
9:56 of 3rd period - Shot Misses the Net.
10:47 of 3rd period - Shot by Anthony Mantha.
10:47 of 3rd period - Shot Blocked by Brady Skjei.
10:49 of 3rd period - Shot by Mike Matheson.
10:49 of 3rd period - Stopped by Darcy Kuemper with a rebound.
11:47 of 3rd period - Jeremy Lauzon is hit by Eetu Luostarinen and loses puck.
12:23 of 3rd period - Connor Murphy is hit by Simon Benoit and loses puck.
12:31 of 3rd period - Minor Penalty to Carter Verhaeghe for Roughing.
12:32 of 3rd period - Pierre-Luc Dubois wins face-off versus Vincent Trocheck in FLORIDA Panthers zone.
13:19 of 3rd period - Shot by David Savard.
13:19 of 3rd period - Stopped by Darcy Kuemper without a rebound.
13:20 of 3rd period - Vincent Trocheck wins face-off versus Pierre-Luc Dubois in FLORIDA Panthers zone.
13:33 of 3rd period - Shot by David Savard.
13:33 of 3rd period - Shot Misses the Net.
13:49 of 3rd period - Icing by David Savard.
13:50 of 3rd period - Vincent Trocheck wins face-off versus Pierre-Luc Dubois in MONTREAL Canadiens zone.
14:09 of 3rd period - Shot by Michael Amadio.
14:09 of 3rd period - Shot Misses the Net.
14:11 of 3rd period - Shot by Nicolas Roy.
14:11 of 3rd period - Stopped by Darcy Kuemper without a rebound.
14:12 of 3rd period - Vincent Trocheck wins face-off versus Michael Amadio in FLORIDA Panthers zone.
14:40 of 3rd period - Shot by Arthur Kaliyev.
14:40 of 3rd period - Shot Misses the Net.
15:41 of 3rd period - Shot by Carter Verhaeghe.
15:41 of 3rd period - Deflect By Steven Stamkos.
15:41 of 3rd period - Shot Misses the Net.
15:43 of 3rd period - Shot by Ryan McDonagh.
15:43 of 3rd period - Stopped by Jordan Binnington with a rebound.
16:07 of 3rd period - Icing by Simon Benoit.
16:08 of 3rd period - Adam Henrique wins face-off versus Joe Veleno in MONTREAL Canadiens zone.
16:31 of 3rd period - Shot by Eetu Luostarinen.
16:31 of 3rd period - Stopped by Jordan Binnington without a rebound.
16:32 of 3rd period - Pierre-Luc Dubois wins face-off versus Vincent Trocheck in MONTREAL Canadiens zone.
16:32 of 3rd period - Pierre-Luc Dubois is hit by Vincent Trocheck.
16:43 of 3rd period - Off-side.
16:44 of 3rd period - Adam Henrique wins face-off versus Phillip Danault in neutral zone.
16:49 of 3rd period - Shot by Adam Henrique.
16:49 of 3rd period - Goal by Adam Henrique - MONTREAL Canadiens : 3 - FLORIDA Panthers : 6.
16:50 of 3rd period - Pierre-Luc Dubois wins face-off versus Steven Stamkos in neutral zone.
16:52 of 3rd period - David Savard is hit by Josh Morrissey and loses puck.
17:22 of 3rd period - Steven Stamkos is hit by Jeremy Lauzon and loses puck.
17:42 of 3rd period - Icing by Anthony Beauvillier.
17:43 of 3rd period - Vincent Trocheck wins face-off versus Pierre-Luc Dubois in MONTREAL Canadiens zone.
18:06 of 3rd period - Shot by Brock Nelson.
18:06 of 3rd period - Stopped by Jordan Binnington without a rebound.
18:07 of 3rd period - Adam Henrique wins face-off versus Phillip Danault in MONTREAL Canadiens zone.
18:12 of 3rd period - Shot by Adam Henrique.
18:12 of 3rd period - Shot Misses the Net.
18:27 of 3rd period - Zach Parise is hit by Eetu Luostarinen and loses puck.
18:34 of 3rd period - Shot by Phillip Danault.
18:34 of 3rd period - Shot Misses the Net.
18:55 of 3rd period - Yegor Sharangovich is hit by Alexis Lafrenière and loses puck.
19:18 of 3rd period - Shot by Nicolas Roy.
19:18 of 3rd period - Stopped by Darcy Kuemper without a rebound.
19:19 of 3rd period - Vincent Trocheck wins face-off versus Joe Veleno in FLORIDA Panthers zone.
19:23 of 3rd period - Brady Skjei is hit by Marco Scandella and loses puck.
19:33 of 3rd period - Off-side.
19:34 of 3rd period - Steven Stamkos wins face-off versus Anthony Beauvillier in neutral zone.
Goals for this period are 1 for MONTREAL Canadiens vs 2 for FLORIDA Panthers.
Shots for this period are 7 for MONTREAL Canadiens vs 15 for FLORIDA Panthers. Output by the SimonT Hockey Simulator (STHS) for Martin Benoit - Original Page W3C HTML5 Valid
Hockey Simulator - Hockey Simulation - Hockey Manager